 Dungeon Crawl Stone Soup version 0.29.1-15-g9cfb28693d (webtiles) character file.

Game seed: 6163783747627909598

12 safid the Chiller (level 2, -2/21 HPs)
             Began as a Merfolk Ice Elementalist on Mar 16, 2023.
             Killed from afar by Terence (15 damage)
             ... with a bolt of dispelling energy
             ... on level 2 of the Dungeon.
             The game lasted 00:01:54 (1109 turns).

safid the Chiller (Merfolk Ice Elementalist)        Turns: 1109, Time: 00:01:55

Health: -2/21      AC:  2    Str:  8    XL:     2   Next: 33%
Magic:  2/5        EV: 12    Int: 14    God:
Gold:   22         SH:  0    Dex: 14    Spells: 4/5 levels left

rFire   . . .      SeeInvis .   d - +0 club
rCold   . . .      Faith    .   (no shield)
rNeg    . . .      Spirit   .   a - +0 robe
rPois   .          Reflect  .   (no helmet)
rElec   .          Harm     .   (no cloak)
rCorr   .          Rampage  .   (no gloves)
Will    .....                   (no boots)
Stlth   ++........              (no amulet)
HPRegen 0.07/turn               (no ring)
MPRegen 0.09/turn               (no ring)

@: no status effects
A: (nimble swimmer 2), mertail
a: no special abilities


You were on level 2 of the Dungeon.
You visited 1 branch of the dungeon, and saw 2 of its levels.

You collected 22 gold pieces.

Inventory:

Hand Weapons
 d - a +0 club (weapon)
Armour
 a - a +0 robe (worn)
Scrolls
 c - a scroll of teleportation {unknown}
 g - a scroll of blinking {unknown}
 k - a scroll of identify {unknown}
Potions
 b - a potion of magic
 e - a potion of flight {unknown}
 f - a potion of resistance {unknown}
 h - a potion of curing {unknown}
 i - a potion of invisibility {unknown}
 j - a potion of haste {unknown}


   Skills:
 + Level 1.1 Fighting
 - Level 2.6 Dodging
 - Level 2.1 Stealth
 + Level 2.2 Spellcasting
 + Level 4.6 Ice Magic


You had 4 spell levels left.
You knew the following spells:

 Your Spells              Type           Power      Damage    Failure   Level
a - Freeze                Ice            56%        1d7       3%          1

Your spell library contained the following spells:

 Spells                   Type           Power      Damage    Failure   Level
 Frozen Ramparts          Ice            28%        1d5       11%         3
 Ozocubu's Armour         Ice            14%        N/A       11%         3
 Hailstorm                Conj/Ice       8%         3d4       65%         4


Dungeon Overview and Level Annotations

Branches:
Dungeon (2/15)

Altars:

Annotations:
D:2 Terence


Innate Abilities, Weirdness & Mutations

((You are very nimble when in or above water. (Stealth+, EV+, Speed+++)))
Your lower body shifts to a powerful aquatic tail in water.


Message History

There is a stone staircase leading up here.
A rat comes into view.
Found a clear potion.
Terence the Incautious comes into view.
He is wielding a +1 flail of protection and carrying a wand of quicksilver (10).
Unknown command.
Okay, then.
You hit the rat but do no damage. The rat bites you. The rat misses you.
You hit the rat.
You kill the rat!
Terence shouts!
Found a scroll labelled XIAXEN IQEBB.
A goblin comes into view. It is wielding a +0 club.
A hobgoblin comes into view.
Casting: Freeze (safe; 3% risk of failure)
Confirm with . or Enter, or press ? or * to list all spells.
Aiming: Freeze (safe; 3% risk of failure)
Press: ? - help, Shift-Dir - straight line, f - Terence
Aim: Terence, wielding a +1 flail of protection, wearing a +0 scale mail and carrying a wand of quicksilver (10)
You freeze Terence.
Terence is moderately wounded.
The goblin shouts!
The hobgoblin shouts!
You hear a shout!
Terence hits you with a +1 flail of protection!
Casting: Freeze (safe; 3% risk of failure)
Confirm with . or Enter, or press ? or * to list all spells.
Aiming: Freeze (safe; 3% risk of failure)
Press: ? - help, Shift-Dir - straight line, f/p - Terence
Aim: Terence, wielding a +1 flail of protection, wearing a +0 scale mail and carrying a wand of quicksilver (10) (moderately wounded)
You freeze Terence!
Terence is severely wounded.
Terence closely misses you.
Casting: Freeze (safe; 3% risk of failure)
Confirm with . or Enter, or press ? or * to list all spells.
Aiming: Freeze (safe; 3% risk of failure)
Press: ? - help, Shift-Dir - straight line, f/p - Terence
Aim: Terence, wielding a +1 flail of protection, wearing a +0 scale mail and carrying a wand of quicksilver (10) (severely wounded)
You freeze Terence.
Terence is severely wounded.
Terence zaps a wand.
The bolt of dispelling energy hits you!
Ouch! That really hurt!
You die...

.###h#.# .....##########
S. #........r......# ...
#.......#######.# ###.
###....!.? #.# #.
##....g... #r#### #.
#........ ######..... .#
##.....g. .........###
.......@############.#<#
.......@...............#
..####.#########.#######
#. #........ ..
######### #.. ..# .#.
##.


You could see Terence, a hobgoblin and a goblin.

Vanquished Creatures
  An endoplasm (D:1)
  3 goblins (D:1)
  A ball python (D:1)
  3 bats (D:1)
  3 kobolds (D:1)
  A rat (D:2)
12 creatures vanquished.

Notes
Turn   | Place    | Note
-------+----------+-------------------------------------------
     0 | D:1      | safid the Merfolk Ice Elementalist began the quest for the
                  | Orb.
     0 | D:1      | Reached XP level 1. HP: 13/13 MP: 3/3
   305 | D:1      | Reached XP level 2. HP: 20/20 MP: 3/5
   429 | D:1      | Reached skill level 1 in Fighting
  1064 | D:2      | Noticed Terence
  1109 | D:2      | Killed from afar by Terence

Illustrated notes

Levels and vault maps discovered:
D:1:      minmay_arrival_nine_rooms, layout_basic
D:2:      minmay_recursive_quarters, layout_basic, basic_altar, uniq_natasha,
          uniq_terence

Skill      XL: |  1  2 |
---------------+-------+-----
Fighting       | 1 |  1.1
Dodging        | |  2.6
Stealth        | |  2.1
Spellcasting   | |  2.2
Ice Magic      | |  4.6

Action                   || total
-------------------------++-------
Melee: Club              ||    12
       Unarmed           ||     1
 Cast: Freeze            ||    19
Armor: Robe              ||    13
Dodge: Dodged            ||    21
